 Dungeon Crawl Stone Soup version 0.21-a0-171-g0f4a3b6 (webtiles) character file.

0 Goblin1989 the Sneak (level 1, 0/10 HPs)
             Began as a Spriggan Assassin on Aug 7, 2017.
             Slain by a hound (2 damage)
             ... on level 4 of the Dungeon.
             The game lasted 00:03:56 (470 turns).

Goblin1989 the Sneak (Spriggan Assassin)             Turns: 470, Time: 00:03:56

Health: 0/10       AC:  3    Str:  7    XL:     1   Next: 8%
Magic:  2/2        EV: 17    Int: 12    God:
Gold:   14         SH:  0    Dex: 17    Spells: 0/0 levels left

rFire    . . .     SeeInvis +   a - +2 dagger
rCold    . . .     Gourm    .   (shield restricted)
rNeg     . . .     Faith    .   c - +0 robe
rPois    .         Spirit   .   (helmet restricted)
rElec    .         Reflect  .   d - +0 cloak
rCorr    .         Harm     .   (gloves unavailable)
MR       .....                  (boots unavailable)
Stlth    +++.......             (no amulet)
HPRegen  0.03/turn              (no ring)
MPRegen  0.08/turn              (no ring)

@: very quick
A: unfitting armour, see invisible, herbivore 3, speed 3, slow metabolism 2
a: no special abilities


You were on level 4 of the Dungeon.
You were not hungry.

You visited 1 branch of the dungeon, and saw 4 of its levels.

You collected 14 gold pieces.

Inventory:

Hand Weapons
 a - a +2 dagger (weapon)
 w - a +0 blowgun {@w1}
Missiles
 f - 2 curare-tipped needles
 g - 8 poisoned needles
 x - 20 arrows
 y - 61 stones (quivered)
 A - 18 bolts
Armour
 c - a +0 robe (worn)
 d - a +0 cloak (worn)
 z - a +0 robe
 B - a +0 plate armour
 E - a +0 robe
 G - a +0 ring mail
 H - a +0 pair of gloves
Scrolls
 D - a scroll of noise {unknown}
 I - a scroll of immolation {unknown}
Potions
 C - a potion of lignification {unknown}
Books
 F - a book of Minor Magic

   Spells                             Type                      Level
   a - Magic Dart                     Conjuration                  1
   b - Blink                          Translocation                2
   c - Call Imp                       Summoning                    2
   d - Slow                           Hexes                        2
   e - Conjure Flame                  Conjuration/Fire             3
   f - Mephitic Cloud                 Conjuration/Poison/Air       3
Comestibles
 e - 2 bread rations {@e1}
 v - 2 meat rations {@e2}


   Skills:
 - Level 1.5 Fighting
 - Level 2.1 Short Blades
 - Level 2.0 Throwing
 - Level 1.5 Dodging
 + Level 5.9 Stealth


You couldn't memorise any spells.
You didn't know any spells.

Dungeon Overview and Level Annotations

Branches:
Dungeon (4/15)
 Temple: D:4-7

Altars:
Ashenzari
Fedhas

Annotations:
D:4 exclusion: Eustachio, Eustachio


Innate Abilities, Weirdness & Mutations

You are very small and have problems with some larger weapons.
You are too small for most types of armour.
You have supernaturally acute eyesight. (SInv)
You are a herbivore.
You cover ground extremely quickly.
You need consume almost no food.


Message History

The bat hits you but does no damage.
A hobgoblin comes into view.
There is a stone staircase leading down here.
The bat hits you but does no damage.
You climb downwards.
A hobgoblin comes into view. It is wielding a club.
There is a stone staircase leading up here.
The bat closely misses you. The bat hits you but does no damage.
The hobgoblin shouts!
The bat completely misses you. The bat closely misses you.
The bat closely misses you. The bat hits you but does no damage.
The bat closely misses you. The bat closely misses you. The bat misses you.
The bat completely misses you. The bat barely misses you. The bat misses you.
You see here a book of Minor Magic.
F - a book of Minor Magic The bat closely misses you.
A giant cockroach comes into view.
The bat misses you. The bat hits you but does no damage.
The bat barely misses you.
Found a stone staircase leading down.
The bat hits you but does no damage. The bat hits you but does no damage.
The bat barely misses you. The bat misses you.
The bat hits you but does no damage. The bat hits you but does no damage.
There is a stone staircase leading down here.
The bat closely misses you.
You climb downwards.
A dart slug comes into view.
Found a stone staircase leading up.
There is a stone staircase leading up here.
Health restored: 10 You see here 31 stones.
You see here 31 stones.
You see here 31 stones.
y - 33 stones (gained 31)
You open the door.
A quokka and an orc come into view.
Found a blossoming altar of Fedhas.
There is an open door here.
You see here a ring mail.
G - a ring mail
Found a shattered altar of Ashenzari.
An iguana comes into view.
A hound comes into view.
The hound barks!
There is a shattered altar of Ashenzari here.
The hound completely misses you. The hound closely misses you.
The iguana bites you.
You take 4 damage, and have 6/10 hp.
MASSIVE DAMAGE!!
You see here a pair of gloves.
H - a pair of gloves The hound completely misses you.
You hit the iguana.
The iguana is lightly wounded.
The hound bites you but does no damage. The iguana closely misses you.
You hit the iguana.
The iguana is moderately wounded.
The hound misses you. The hound closely misses you.
The iguana closely misses you. The iguana bites you.
You take 1 damage, and have 5/10 hp.
You closely miss the hound. The hound misses you. x2
The iguana closely misses you. The hound barely misses you.
You see here a scroll labeled MAZYBA GEXEAKU.
I - a scroll labeled MAZYBA GEXEAKU The hound bites you.
* * * LOW HITPOINT WARNING * * *
The quokka completely misses you. The hound bites you.
* * * LOW HITPOINT WARNING * * *
The iguana closely misses you. The quokka closely misses you.
You take 4 damage, and have 1/10 hp.
MASSIVE DAMAGE!!
Found an escape hatch in the ceiling.
An iguana comes into view.
The iguana hisses angrily.
You see here 28 stones.
y - 61 stones (gained 28)
An orc comes into view. It is wielding a mace.
The orc shouts!
The orc throws a tomahawk.
The tomahawk barely misses you.
The orc throws a tomahawk.
The tomahawk closely misses you.
The orc throws a tomahawk.
The tomahawk closely misses you.
Marking area around Eustachio as unsafe for travelling.
Eustachio the Magnificent comes into view.
He is wielding a rapier.
Found a stone staircase leading down.
There is a stone staircase leading down here.
There is a stone staircase leading down here.
The hound bites you.
You die...

█.........█ █........(█
.. █.........█ █....
▲.........▲ █....
██▲███...l..l..█████....
......o..█████....h.....
.........█ █..........
.......h.█ █..........
.......@.█ █..........
.........█ █..........
.........█ █.........l
....██████ █..........
.... █.......... █▲█
............█
............█
.............█
.............▲


You could see an iguana, a hound and an orc.

Vanquished Creatures
  A bat (D:2)
1 creature vanquished.

Notes
Turn   | Place    | Note
-------+----------+-------------------------------------------
     0 | D:1      | Goblin1989 the Spriggan Assassin began the quest for the Orb.
     0 | D:1      | Reached XP level 1. HP: 10/10 MP: 2/2
    98 | D:1      | Goblin1989: !lg goblin1989 spas -rune
    98 | D:1      | beem: Unknown option: rune
    98 | D:1      | Goblin1989: !lg goblin1989 spas
    98 | D:1      | beem: 58. Goblin1989 the Sneak (L1 SpAs), slain by a worm on D:2 on 2017-08-07 08:53:37, with 4 points after 286 turns and 0:02:00.
    98 | D:1      | Goblin1989: !lg goblin1989 spas place
    98 | D:1      | beem: 58. Goblin1989 the Sneak (L1 SpAs), slain by a worm on D:2 on 2017-08-07 08:53:37, with 4 points after 286 turns and 0:02:00.
    98 | D:1      | Goblin1989: !lg goblin1989 spas =place
    98 | D:1      | beem: Unknown field: spas
   344 | D:4      | Found a blossoming altar of Fedhas.
   376 | D:4      | Found a shattered altar of Ashenzari.
   381 | D:4      | Noticed an iguana
   382 | D:4      | Noticed a hound
   424 | D:4      | Noticed an iguana
   455 | D:4      | Noticed Eustachio
   470 | D:4      | Slain by a hound

Vault maps used:
D:1:      lordsloth_arrival_two_stooges, minmay_cupped
D:2:      minmay_rat_gold_closets
D:3:      first_bread, minmay_misc_feat_rugged, hex_large
D:4:      cheibrodos_ashenzari_chains, overflow_temple_1_default, serial_glass,
          glass_columns_a, glass_columns_b, serial_shops, shop, uniq_eustachio

Action                   || total
-------------------------++-------
Melee: Dagger            ||     6
Armor: Robe              ||    15
Dodge: Dodged            ||    92

Vault maps used:
D:1:      lordsloth_arrival_two_stooges, minmay_cupped
D:2:      minmay_rat_gold_closets
D:3:      first_bread, minmay_misc_feat_rugged, hex_large
D:4:      cheibrodos_ashenzari_chains, overflow_temple_1_default, serial_glass,
          glass_columns_a, glass_columns_b, serial_shops, shop, uniq_eustachio
